 Dungeon Crawl Stone Soup version 0.23.2-1-ga50397a6bc (webtiles) character file.

Game seed: 5997241074265753445

3082 Freyura the Basher (level 9, -18/89 HPs)
             Began as a Deep Dwarf Fighter on May 26, 2019.
             Was a Priest of Makhleb.
             Killed from afar by a gargoyle (19 damage)
             ... with a stone arrow
             ... on level 8 of the Dungeon.
             The game lasted 00:28:28 (5266 turns).

Freyura the Basher (Deep Dwarf Fighter)             Turns: 5266, Time: 00:28:29

Health: -18/89     AC: 10    Str: 20    XL:     9   Next: 58%
Magic:  10/10      EV: 11    Int:  9    God:    Makhleb [***...]
Gold:   355        SH: 11    Dex: 15    Spells: 8/8 levels left

rFire    . . .     SeeInvis .   g - +4 mace
rCold    + . .     Gourm    .   c - +0 shield
rNeg     . . .     Faith    .   b - +0 scale mail
rPois    .         Spirit   .   (no helmet)
rElec    .         Reflect  .   s - +1 cloak
rCorr    .         Harm     .   (no gloves)
MR       +....                  (no boots)
Stlth    ..........             (no amulet)
HPRegen  0.00/turn              r - +1 ring of slaying
MPRegen  0.12/turn              k - ring of protection from cold

@: lethally poisoned (-18 -> -18), non-regenerating
A: damage resistance, heal wounds, claws 1, sense surroundings 2, robust 1, no
regeneration
a: Heal Wounds, Minor Destruction, Lesser Servant of Makhleb, Renounce Religion


You were on level 8 of the Dungeon.
You worshipped Makhleb.
Makhleb was most pleased with you.
You were not hungry.

You visited 2 branches of the dungeon, and saw 9 of its levels.
You also visited: Bailey.

You collected 355 gold pieces.

Inventory:

Hand Weapons
 g - a +4 mace (weapon)
Armour
 b - a +0 scale mail (worn)
 c - a +0 shield (worn)
 s - a +1 cloak (worn)
Jewellery
 k - a ring of protection from cold (right claw)
 r - a +1 ring of slaying (left claw)
Wands
 t - a wand of polymorph (14)
 u - a wand of acid (7)
Scrolls
 a - a scroll of enchant weapon
 d - 3 scrolls of teleportation
 h - 3 scrolls of fear
 l - a scroll of identify
 n - a scroll of remove curse
Potions
 e - 2 potions of brilliance
 i - a potion of cancellation {unknown}
 j - a potion of haste {unknown}
 m - 2 potions of curing
 o - a potion of magic {unknown}
 q - 4 potions of degeneration {unknown}
Comestibles
 f - 11 rations


   Skills:
 + Level 5.2 Fighting
 * Level 8.3 Maces & Flails
 + Level 6.3 Armour
 + Level 4.8 Dodging
 + Level 6.6 Shields
 + Level 5.3 Invocations


You had 8 spell levels left.
You didn't know any spells.
Your spell library contained the following spells:

 Spells                   Type           Power        Failure   Level  Hunger
 Corona                   Hex            #......      97%         1    ##.....
 Ensorcelled Hibernation  Hex/Ice        #.....       99%         2    ###....
 Confuse                  Hex            #.......     100%        3    ####...
 Dazzling Spray           Conj/Hex       #.....       100%        3    ####...
 Tukima's Dance           Hex            #.......     100%        3    ####...


Dungeon Overview and Level Annotations

Branches:
Dungeon (8/15)             Temple (1/1) D:4            Lair (0/6) D:8

Altars:
Dithmenos
Elyvilon
Kikubaaqudgha
Makhleb
Nemelex Xobeh
Qazlal
Ru
Trog
Uskayaw
Xom


Innate Abilities, Weirdness & Mutations

You are resistant to damage.
You can heal yourself by infusing magical energy.
You passively map the area around you.
You do not regenerate.
You have sharp fingernails.
You are robust. (+10% HP)


Message History

You hit the gargoyle but do no damage.
The gargoyle is heavily damaged.
You block the wolf's attack. x2; The gargoyle hits you with a +0 flail!
* * * LOW HITPOINT WARNING * * *
You hit the gargoyle.
The gargoyle is heavily damaged.
You block the wolf's attack. The wolf closely misses you.
The gargoyle hurls a stone arrow at you.
The stone arrow hits you!!
* * * LOW HITPOINT WARNING * * *
You hit the gargoyle but do no damage.
The gargoyle is heavily damaged.
The wolf bites you. You block the gargoyle's attack.
You block the wolf's attack.
You hit the gargoyle.
The gargoyle is almost destroyed.
The wolf misses you.
The gargoyle hurls a stone arrow at you.
The stone arrow hits you!!
You die...

####### , * #.....# ....
#.....# ,>... #.....#
[..... * #....)# .(....
* #....(#### *......
*,,* #.....(†.# #.....(
* #.....##.#####...####
,, #.....##...@hh.......
,,
#.....####9##..#..$..,,,
####### #...<.# ≈≈. ≈
###.......≈. ≈ **
#..#.#..≈. ≈ ,
*..##.Z...≈ ≈, , *
..##*#..≈..≈ ,,... #..≈≈
≈,≈ * ...#* ..≈≈ , ,


You could see a gargoyle and 2 wolves.

Vanquished Creatures
  Harold (D:7)
  Pikel (D:5)
  Sigmund (D:4)
  A hungry ghost (D:7)
  Menkaure (D:7)
  2 slaves (D:5)
  A sky beast (D:5)
  4 ogres
  2 centaurs
  2 big kobolds (D:7)
  A bullfrog (D:8)
  A water moccasin zombie (D:8)
  A scorpion (D:4)
  6 killer bees (D:8)
  3 howler monkeys
  A jelly (D:7)
  A bullfrog zombie (D:8)
  8 orc wizards
  Crazy Yiuf (D:2)
  4 orc priests
  A bullfrog skeleton (D:4)
  Jessica (D:3)
  3 worker ants
  A hound skeleton (D:6)
  A worker ant zombie (D:7)
  10 adders
  A shadow imp (D:5)
  An adder zombie (D:5)
  An adder skeleton (D:6)
  A worm (D:2)
  5 dart slugs
  3 leopard geckos
  23 orcs
  2 giant cockroaches
  15 goblins
  9 hobgoblins
  15 jackals
  A quokka (D:7)
  A ball python (D:7)
  15 bats
  6 frilled lizards
  20 kobolds
  A leopard gecko skeleton (D:8)
  3 quokka skeletons
  6 rats
189 creatures vanquished.

Vanquished Creatures (others)
  A river rat (D:5)
  A worm (D:5)
  A giant cockroach (D:5)
3 creatures vanquished.

Grand Total: 192 creatures vanquished

Notes
Turn   | Place    | Note
-------+----------+-------------------------------------------
     0 | D:1      | Freyura the Deep Dwarf Fighter began the quest for the Orb.
     0 | D:1      | Reached XP level 1. HP: 20/20 MP: 1/1
   308 | D:1      | Reached XP level 2. HP: 27/27 MP: 2/2
   478 | D:1      | Reached XP level 3. HP: 33/33 MP: 3/3
  1271 | D:2      | Reached skill level 3 in Maces & Flails
  1293 | D:2      | Reached XP level 4. HP: 31/42 MP: 4/4
  1556 | D:2      | Found a runed translucent door.
  1557 | D:2      | Noticed Crazy Yiuf
  1945 | D:2      | Killed Crazy Yiuf
  1945 | D:2      | Reached skill level 4 in Maces & Flails
  1945 | D:2      | Reached XP level 5. HP: 32/49 MP: 5/5
  1961 | D:2      | Gained mutation: You are robust. (+10% HP) [potion of
                  | mutation]
  1961 | D:2      | Gained mutation: You have sharp fingernails. [potion of
                  | mutation]
  2215 | D:3      | Reached skill level 1 in Dodging
  2422 | D:3      | Reached XP level 6. HP: 39/61 MP: 6/6
  2425 | D:3      | Found a white marble altar of Elyvilon.
  2542 | D:3      | Noticed Jessica
  2553 | D:3      | Killed Jessica
  2586 | D:4      | Reached skill level 5 in Maces & Flails
  2711 | D:4      | Noticed Sigmund
  2718 | D:4      | Killed Sigmund
  2819 | D:4      | Found a staircase to the Ecumenical Temple.
  2830 | Temple   | Entered the Ecumenical Temple
  2864 | Temple   | Became a worshipper of Makhleb the Destroyer
  2930 | D:4      | Reached XP level 7. HP: 62/68 MP: 7/7
  3314 | D:5      | Entered Level 5 of the Dungeon
  3407 | D:5      | Reached * piety under Makhleb
  3412 | D:5      | Noticed Pikel
  3424 | D:5      | Reached skill level 1 in Invocations
  3435 | D:5      | Killed Pikel
  3435 | D:5      | Reached skill level 6 in Maces & Flails
  3435 | D:5      | Reached skill level 5 in Armour
  3435 | D:5      | Reached skill level 5 in Shields
  3435 | D:5      | Reached XP level 8. HP: 60/79 MP: 7/9
  3546 | D:5      | Found a sacrificial altar of Ru.
  4008 | D:6      | Reached skill level 7 in Maces & Flails
  4494 | D:6      | Reached ** piety under Makhleb
  4654 | D:6      | Found a stormy altar of Qazlal.
  4654 | D:6      | Found a hide-covered altar of Uskayaw.
  4722 | D:7      | Found a shadowy altar of Dithmenos.
  4800 | D:7      | Found a sparkling altar of Nemelex Xobeh.
  4808 | D:7      | Gained mutation: You passively map the area around you.
                  | [Deep Dwarf growth]
  4808 | D:7      | Reached XP level 9. HP: 86/86 MP: 12/12
  4849 | D:7      | Noticed Menkaure
  4858 | D:7      | Noticed Harold
  4869 | D:7      | Killed Harold
  4870 | D:7      | Killed Menkaure
  4914 | D:7      | Reached skill level 5 in Fighting
  5100 | D:7      | Found a flagged portal.
  5105 | Bailey   | Entered a bailey
  5155 | D:8      | Reached skill level 8 in Maces & Flails
  5187 | D:8      | Reached *** piety under Makhleb
  5197 | D:8      | Reached skill level 5 in Invocations
  5220 | D:8      | Noticed a gargoyle
  5264 | D:8      | HP: 1/89 [gargoyle/stone arrow (17)]
  5266 | D:8      | Killed from afar by a gargoyle

Skill      XL: |  1  2  3  4  5  6  7  8  9 |
---------------+----------------------------+-----
Maces & Flails | 3 4 5 6 7 8 |  8.3
Fighting       | 3 4 5 |  5.2
Shields        | 4 5 6 |  6.6
Armour         | 4 5 6 |  6.3
Dodging        | 1 2 4 |  4.8
Invocations    | 2 4 5 |  5.3

Action                   |  1- 3 |  4- 6 |  7- 9 || total
-------------------------+-------+-------+-------++-------
Melee: Mace              |   115 |   151 |   389 ||   655
 Abil: Heal Wounds       |       |     1 |     6 ||     7
  Use: Potion            |       |     4 |     1 ||     5
       Scroll            |       |    10 |     5 ||    15
  Eat: Chunk             |     1 |     6 |     6 ||    13
       Ration            |       |       |     1 ||     1
Armor: Scale mail        |    53 |    58 |   158 ||   269
Dodge: Dodged            |    36 |    52 |   209 ||   297
Block: Shield            |    54 |    77 |   260 ||   391
